 Dungeon Crawl Stone Soup version 0.18-b1-18-g7758cf2 (webtiles) character file.

25 GreamJoe the Sneak (level 3, -1/25 HPs)
             Began as a Formicid Enchanter on May 2, 2016.
             Slain by an adder (5 damage)
             ... on level 2 of the Dungeon.
             The game lasted 00:08:42 (1053 turns).

GreamJoe the Sneak (Formicid Enchanter)             Turns: 1053, Time: 00:08:43

Health: -1/25      AC:  4    Str: 12    XL:     3   Next: 20%
Magic:  6/6        EV: 12    Int: 14    God:
Gold:   61         SH:  0    Dex: 12    Spells: 1 memorised, 6 levels left

rFire  . . .     SeeInvis +     a - +1 dagger
rCold  . . .     Gourm    .     b - +1 robe
rNeg   . . .     Faith    .     (no shield)
rPois  .         Spirit   .     (helmet unavailable)
rElec  .         Dismiss  .     i - +0 cloak
rCorr  .         Reflect  .     (no gloves)
SustAt .         Harm     .     (no boots)
MR     .....                    (no amulet)
Stlth  ++........               (no ring)
                                (no ring)

@: lethally poisoned (-1 -> -6), not resistant to hostile enchantments,
unstealthy
A: permanent stasis, dig shafts and tunnels, four strong arms, antennae 3
a: Dig, Shaft Self


You were on level 2 of the Dungeon.
You were very full.

You visited 1 branch of the dungeon, and saw 2 of its levels.

You collected 61 gold pieces.

Inventory:

Hand Weapons
 a - a +1 dagger (weapon)
 g - a cursed -2 dagger
Missiles
 f - 25 poisoned needles (quivered)
 h - 18 sling bullets
 k - 3 large rocks
Armour
 b - a +1 robe (worn)
 e - a +0 scale mail
 i - a +0 cloak (worn)
 m - a +0 ring mail
 q - a +0 chain mail
Jewellery
 j - an uncursed ring of see invisible {unknown}
 o - an uncursed ring of resist corrosion {unknown}
Scrolls
 l - 2 scrolls of recharging {unknown}
 p - a scroll of identify {unknown}
Potions
 n - a potion of degeneration {unknown}
Books
 c - a book of Maledictions

   Spells                             Type                      Level
   a - Corona                         Hexes                        1
   b - Ensorcelled Hibernation        Hexes/Ice                    2
   c - Confuse                        Hexes                        3
   d - Tukima's Dance                 Hexes                        3
   e - Dazzling Spray                 Conjuration/Hexes            3
Comestibles
 d - a bread ration


   Skills:
 + Level 0.4 Fighting
 + Level 1.0 Short Blades
 + Level 2.1 Dodging
 + Level 4.1 Stealth
 + Level 2.5 Spellcasting
 + Level 3.9 Hexes


You had 6 spell levels left.
You knew the following spells:

 Your Spells              Type           Power        Failure   Level  Hunger
a - Corona                Hex            ##.....      4%          1    #......


Dungeon Overview and Level Annotations

Branches:
Dungeon (2/15)

Altars:


Innate Abilities, Weirdness & Mutations

You are under a permanent stasis effect.
You can dig through walls and to a lower floor.
Your four strong arms can wield two-handed weapons with a shield.
You have a pair of large antennae on your head (SInv).


Message History

You hit the adder but do no damage.
The adder is moderately wounded.
You feel sick. The bat hits you but does no damage.
The adder barely misses you.
You hit the adder.
The adder is heavily wounded.
The bat barely misses you. The adder bites you.
* * * LOW HITPOINT WARNING * * *
You closely miss the adder.
The adder is heavily wounded.
* * * LOW HITPOINT WARNING * * *
You feel sick. The bat hits you but does no damage. The bat hits you.
* * * LOW HITPOINT WARNING * * *
The adder barely misses you.
You miss the adder.
The adder is heavily wounded.
The bat hits you.
* * * LOW HITPOINT WARNING * * *
The adder barely misses you. The adder bites you.
You die...

..... ###.######
###........# {
#.....####.#
#.###.#<...# #.#
#.###..# #.# #.# #..#
##########.###.###..#
.......@.........#..#
.#..(#.S.#...#.#)#..#
.......b...### #..#
.#...#...### #..#
..........
##########. {. #


You could see an adder and a bat.

Vanquished Creatures
  An ooze (D:2)
  A ball python (D:1)
  4 bats (D:1)
  4 giant cockroaches (D:1)
  2 goblins (D:1)
  3 hobgoblins
  A giant newt (D:1)
  3 kobolds (D:1)
19 creatures vanquished.

Notes
Turn   | Place    | Note
--------------------------------------------------------------
     0 | D:1      | GreamJoe the Formicid Enchanter began the quest for the Orb.
     0 | D:1      | Reached XP level 1. HP: 13/13 MP: 3/3
   196 | D:1      | Reached XP level 2. HP: 9/19 MP: 5/5
  1026 | D:2      | Reached skill level 4 in Stealth
  1026 | D:2      | Reached XP level 3. HP: 24/24 MP: 6/6
  1053 | D:2      | Slain by an adder

Skill      XL: |  1  2 |
---------------+-------+-----
Dodging        | 2 |  2.1
Stealth        | 4 |  4.1
Fighting       | |  0.4
Short Blades   | |  1.0
Spellcasting   | |  2.5
Hexes          | |  3.9

Action                   || total
-------------------------++-------
Melee: Dagger            ||   101
 Cast: Corona            ||     1
 Stab: Sleeping          ||     5
  Eat: Meat ration       ||     1
       Bread ration      ||     1
Armor: Robe              ||    40
Dodge: Dodged            ||    87
